Map: Daybreak LE (Void)

Players

OpirenFlas - Winner!

  • Race: Protoss Protoss
  • League: Diamond
  • Spawn Location: 7:00

Musumeci

  • Race: Zerg Zerg
  • League: Diamond
  • Spawn Location: 1:00

VOD

Have the link to the VOD?

Description

Time

  • Played on: Jan. 1, 2017, 4:13 p.m.
  • Length: 20:54
Show
View Real Time Build Order
Export as new Build Order

OpirenFlas Protoss - Winner!

Build Orders: Oracle Opening 

Get SALT Encoding   

  12  0:01  Probe (Chrono Boost)  
  13  0:11  Probe (Chrono Boost)  
  14  0:18  Pylon  
  14  0:22  Probe (Chrono Boost)  
  15  0:36  Probe (Chrono Boost)  
  15  0:39  Gateway  
  16  0:45  Assimilator  
  16  0:48  Probe (Chrono Boost)  
  17  0:55  Assimilator  
  17  0:59  Probe (Chrono Boost)  
  19  1:11  Probe (Chrono Boost)  
  19  1:22  Probe (Chrono Boost)  
  20  1:32  Cybernetics Core, Probe (Chrono Boost)  
  21  1:43  Probe (Chrono Boost)  
  22  1:52  Pylon  
  22  1:53  Probe (Chrono Boost)  
  23  2:10  Nexus  
  23  2:17  Mothership Core (Chrono Boost)  
  25  2:26  Warp Gate  
  25  2:34  Stargate  
  25  2:38  Probe (Chrono Boost)  
  25  2:41  Zealot  
  26  2:50  Probe (Chrono Boost)  
  29  2:55  Pylon  
  29  3:02  Probe (Chrono Boost)  
  30  3:10  Zealot  
  31  3:14  Probe (Chrono Boost)  
  33  3:21  Oracle  
  33  3:25  Probe (Chrono Boost)  
  33  3:26  Probe (Chrono Boost)  
  38  3:36  Zealot, Probe (Chrono Boost)  
  38  3:38  Probe (Chrono Boost)  
  42  3:46  Probe (Chrono Boost)  
  42  3:47  Pylon  
  43  3:50  Probe (Chrono Boost)  
  44  3:57  Probe (Chrono Boost)  
  44  4:01  Phoenix  
  46  4:02  Probe (Chrono Boost)  
  46  4:07  Probe (Chrono Boost)  
  49  4:11  Assimilator  
  49  4:12  Assimilator  
  49  4:14  Probe (Chrono Boost)  
  50  4:18  Probe (Chrono Boost)  
  51  4:27  Probe (Chrono Boost)  
  47  4:42  Phoenix  
  47  4:45  Probe (Chrono Boost)  
  45  4:48  Mothership Core (Chrono Boost)  
  48  4:57  Stargate, Probe (Chrono Boost), Fleet Beacon  
  48  4:59  Gateway  
  49  5:01  Gateway  
  49  5:02  Gateway  
  49  5:07  Probe (Chrono Boost)  
  50  5:09  Phoenix, Probe (Chrono Boost)  
  53  5:24  Sentry  
  55  5:32  Probe (Chrono Boost)  
  58  5:38  Carrier, Pylon  
  58  5:39  Pylon  
  62  6:00  Carrier  
  68  6:09  Pylon  
  67  6:21  Zealot x2  
  67  6:22  Zealot  
  69  6:40  Pylon  
  69  6:55  Protoss Air Weapons Level 1  
  69  6:59  Pylon  
  69  7:01  Nexus  
  69  7:03  Carrier  
  69  7:04  Graviton Catapult, Zealot x2  
  69  7:05  Zealot x2, Pylon  
  83  7:18  Assimilator  
  83  7:20  Probe x2 (Chrono Boost)  
  83  7:22  Assimilator  
  85  7:30  Twilight Council  
  85  7:36  Zealot  
  89  7:37  Zealot x2, Probe x2 (Chrono Boost)  
  90  7:53  Probe x2 (Chrono Boost)  
  92  7:58  Charge  
  92  8:04  Carrier  
  92  8:05  Probe x2 (Chrono Boost)  
  100  8:14  Probe (Chrono Boost)  
  100  8:17  Probe (Chrono Boost)  
  102  8:24  Probe (Chrono Boost)  
  103  8:28  Pylon  
  97  8:38  Stalker x3  
  97  8:39  Stalker  
  75  9:06  Mothership Core (Chrono Boost), Zealot x3  
  75  9:07  Zealot  
  75  9:08  Carrier  
  85  9:12  Probe (Chrono Boost)  
  85  9:13  Probe (Chrono Boost)  
  82  9:25  Probe (Chrono Boost)  
  82  9:33  Nexus  
  82  9:48  Zealot  
  82  9:49  Zealot x3  
  98  10:00  Probe (Chrono Boost)  
  98  10:01  Probe (Chrono Boost)  
  98  10:06  Templar Archives  
  98  10:08  Pylon  
  98  10:11  Pylon  
  98  10:12  Protoss Air Weapons Level 2  
  98  10:13  Probe (Chrono Boost)  
  99  10:25  Probe (Chrono Boost)  
  100  10:42  High Templar  
  100  10:43  High Templar x3  
  100  10:49  Archon x2  
  102  10:59  Stargate  
  100  11:17  Carrier  
  100  11:42  Probe (Chrono Boost)  
  101  11:55  Stargate  
  101  11:57  Stargate  
  101  12:15  Gateway  
  101  12:16  Gateway, Zealot x4  
  101  12:17  Gateway  
  101  12:18  Gateway  
  101  12:21  Gateway x2  
  101  12:22  Nexus  
  111  12:23  Probe x2 (Chrono Boost)  
  111  12:43  High Templar x2  
  111  12:44  High Templar x2  
  117  12:47  Archon  
  119  13:04  Archon  
  111  13:22  Carrier x3  
  111  13:27  Pylon  
  129  13:28  Pylon  
  129  13:30  Pylon  
  129  13:31  Pylon  
  115  13:38  Assimilator  
  115  13:42  Assimilator  
  115  13:43  Dark Shrine  
  115  13:48  Forge  
  115  13:53  Carrier  
  121  14:15  High Templar x4  
  121  14:16  High Templar  
  125  14:17  High Templar  
  125  14:23  Archon  
  125  14:24  Archon  
  127  14:25  Archon  
  127  14:26  Zealot x2  
  127  14:27  Zealot x2  
  135  14:39  Protoss Air Weapons Level 3, Probe x3 (Chrono Boost)  
  135  14:41  Probe (Chrono Boost)  
  139  14:46  Photon Cannon  
  139  14:48  Carrier x2  
  139  14:49  Photon Cannon  
  139  14:50  Photon Cannon, Probe x2 (Chrono Boost)  
  154  14:53  Probe (Chrono Boost)  
  154  14:54  Photon Cannon  
  154  15:00  Pylon  
  154  15:11  Pylon  
  154  15:23  Carrier  
  160  15:36  Photon Cannon  
  160  15:38  Photon Cannon  
  160  15:42  Photon Cannon  
  160  15:58  Carrier  
  166  16:13  Carrier  
  172  16:26  Dark Templar  
  172  16:27  Dark Templar x4  
  182  16:34  Zealot  
  182  16:38  Zealot x3  
  186  16:41  Protoss Ground Weapons Level 1  
  186  16:52  Carrier  
  192  17:00  Carrier  
  198  17:16  Nexus  
  198  17:18  Pylon  
  198  17:19  Pylon  
  198  17:21  Pylon  
  188  17:31  Dark Templar x3  
  188  17:32  Zealot x3  
  200  17:52  Pylon  
  200  17:57  Gateway  
  200  17:58  Gateway  
  200  17:59  Gateway  
  200  18:03  Gateway  
  200  18:05  Gateway  
  200  18:10  Forge  
  200  18:16  Archon  
  192  18:22  Protoss Ground Weapons Level 2  
  192  18:25  Assimilator  
  188  18:27  High Templar x3  
  188  18:28  High Templar  
  188  18:31  Assimilator  
  188  18:34  Archon x2  
  196  18:46  Photon Cannon  
  196  18:52  Dark Templar  
  176  19:33  Zealot x4  
  176  19:34  Zealot x5  
  176  19:35  Zealot x3  
  200  20:05  Photon Cannon  
  200  20:07  Photon Cannon  
  200  20:12  Photon Cannon  
  200  20:13  Pylon  
  200  20:17  Photon Cannon  
  200  20:18  Photon Cannon  
  200  20:20  Photon Cannon  
  200  20:33  Nexus  
Show
View Real Time Build Order
Export as new Build Order

Musumeci Zerg 

Build Orders: Hatch First 

Get SALT Encoding   

  12  0:01  Drone  
  13  0:08  Drone  
  13  0:13  Extractor  
  13  0:14  Drone  
  15  0:40  Hatchery  
  14  0:43  Extractor  
  14  0:45  Drone  
  15  1:03  Spawning Pool  
  14  1:08  Drone, Extractor  
  14  1:12  Extractor  
  14  1:13  Drone  
  15  1:21  Overlord  
  15  1:44  Drone x3  
  18  1:49  Queen  
  20  1:58  Queen  
  22  2:08  Drone  
  22  2:09  Drone  
  24  2:16  Drone x2  
  26  2:29  Zergling x2  
  27  2:35  Spore Crawler  
  26  2:38  Spore Crawler  
  25  2:44  Zergling x2  
  25  2:45  Zergling x2  
  27  3:03  Drone  
  28  3:18  Metabolic Boost, Roach Warren  
  26  3:28  Overlord x2  
  26  3:31  Lair, Roach Warren  
  26  3:32  Extractor  
  24  3:34  Extractor  
  24  3:35  Drone  
  24  3:38  Drone  
  24  3:41  Drone  
  27  3:46  Drone x3  
  27  3:47  Drone  
  32  3:59  Drone  
  32  4:00  Drone x3  
  32  4:02  Drone  
  37  4:10  Drone x2  
  37  4:11  Drone  
  40  4:19  Extractor  
  31  4:44  Queen  
  31  4:45  Overlord  
  31  4:48  Zergling x16  
  31  4:52  Drone  
  40  4:53  Drone  
  41  5:16  Drone x3  
  41  5:17  Drone, Baneling Nest  
  41  5:19  Overlord  
  44  5:24  Overlord  
  44  5:39  Overlord x3  
  43  5:58  Drone  
  43  5:59  Drone x4  
  48  6:08  Baneling x6  
  48  6:09  Baneling x2  
  48  6:18  Spire  
  48  6:22  Zergling x14  
  49  6:38  Drone  
  49  6:39  Drone x5  
  54  6:53  Overlord x2  
  54  7:00  Extractor  
  54  7:29  Corruptor x3  
  54  7:30  Corruptor x5  
  54  7:35  Zergling x6  
  63  8:11  Hatchery  
  63  8:12  Zergling x16  
  70  8:19  Baneling x5  
  70  8:20  Baneling  
  70  8:22  Corruptor  
  70  8:23  Corruptor  
  63  8:56  Zergling x6  
  63  8:57  Zergling x6  
  64  9:08  Zergling x4  
  55  9:33  Corruptor  
  55  9:34  Corruptor x3  
  59  9:48  Baneling x5  
  59  9:49  Baneling x2  
  59  9:50  Zergling x12  
  65  9:56  Drone  
  65  9:57  Queen  
  65  9:58  Drone  
  69  10:14  Corruptor  
  69  10:15  Corruptor x3  
  77  10:25  Corruptor  
  79  10:31  Drone  
  79  10:32  Drone x8, Extractor  
  79  10:33  Extractor  
  77  11:25  Hatchery  
  62  11:45  Corruptor x8  
  74  11:53  Infestation Pit  
  69  11:59  Drone x9  
  78  12:01  Drone x2  
  78  12:02  Drone  
  78  12:03  Drone x2  
  78  12:05  Drone  
  78  12:06  Drone x5  
  89  12:09  Zergling x6  
  92  12:25  Corruptor  
  92  12:26  Corruptor x2  
  92  12:28  Zergling x2, Extractor  
  98  12:35  Baneling x6  
  97  12:42  Zergling x12  
  93  13:28  Drone x8  
  93  13:29  Drone x3  
  99  13:34  Drone x4  
  99  13:37  Spore Crawler  
  99  13:41  Spore Crawler  
  101  13:43  Overlord x4  
  101  13:44  Overlord x2, Spore Crawler  
  90  14:13  Corruptor x7  
  104  14:17  Hive  
  104  14:21  Extractor  
  104  14:23  Extractor  
  102  14:28  Corruptor x7  
  108  14:43  Baneling x4  
  108  14:45  Zergling x8  
  109  14:46  Zergling x22  
  123  15:03  Baneling x3, Zergling x8  
  123  15:04  Zergling x10  
  132  15:07  Corruptor  
  132  15:08  Corruptor  
  132  15:14  Evolution Chamber  
  135  15:22  Centrifical Hooks  
  135  15:35  Corruptor x5  
  144  15:45  Greater Spire  
  144  16:03  Zerg Melee Weapons Level 1  
  144  16:05  Evolution Chamber  
  144  16:08  Overlord x6  
  144  16:09  Overlord  
  143  16:23  Extractor  
  143  16:25  Hatchery  
  139  16:29  Extractor  
  114  16:40  Zergling x2  
  114  16:41  Zergling x32  
  114  16:47  Corruptor x5  
  137  17:02  Baneling x6  
  137  17:09  Brood Lord  
  137  17:10  Brood Lord  
  137  17:11  Brood Lord  
  137  17:15  Overseer x2  
  138  17:29  Drone x3  
  140  17:32  Spine Crawler  
  140  17:34  Spine Crawler, Spore Crawler  
  137  17:40  Brood Lord  
  137  17:42  Brood Lord  
  141  17:48  Brood Lord  
  143  17:56  Baneling x4  
  143  17:57  Baneling  
  139  18:22  Hatchery  
  139  18:25  Zergling x6  
  141  18:27  Baneling x4  
  141  18:42  Zerg Flyer Weapons Level 1  
  141  18:46  Spore Crawler  
  129  19:08  Overlord, Corruptor  
  129  19:09  Corruptor x6  
  99  19:10  Drone  
  96  19:21  Overlord  
Tags
 
Add a new tag
Caveats
  • Supply blocks, unpowered buildings, or Contaminate may cause inaccurate times.
  • Supply counts are checked every 10 seconds.